 Dungeon Crawl Stone Soup version 0.28.0-45-g0d030f2227 (webtiles) character file.

Game seed: 2462896617748838569

79 terff the Chopper (level 4, -2/40 HPs)
             Began as a Hill Orc Monk on Apr 15, 2022.
             Slain by Ijyb
             ... wielding a +0 dagger
              (4 damage)
             ... on level 3 of the Dungeon.
             The game lasted 00:04:49 (2582 turns).

terff the Chopper (Hill Orc Monk)                   Turns: 2582, Time: 00:04:49

Health: -2/40      AC:  9    Str: 13    XL:     4   Next: 38%
Magic:  4/4        EV:  6    Int: 16    God:
Gold:   82         SH:  0    Dex: 15    Spells: 3/3 levels left

rFire   . . .      SeeInvis .   a - +0 hand axe
rCold   . . .      Faith    .   (no shield)
rNeg    . . .      Spirit   .   e - +0 chain mail
rPois   .          Reflect  .   (no helmet)
rElec   .          Harm     .   (no cloak)
rCorr   .          Rampage  .   g - +0 pair of gloves
Will    .....                   (no boots)
Stlth   ..........              (no amulet)
HPRegen 0.13/turn               h - +6 ring of intelligence
MPRegen 0.09/turn               (no ring)

@: no status effects
A: no striking features
a: no special abilities


You were on level 3 of the Dungeon.
You visited 1 branch of the dungeon, and saw 3 of its levels.

You collected 82 gold pieces.

Inventory:

Hand Weapons
 a - a +0 hand axe (weapon)
Armour
 b - a +0 robe
 e - a +0 chain mail (worn)
 g - a +0 pair of gloves (worn)
Jewellery
 h - a +6 ring of intelligence (left hand)
Scrolls
 f - a scroll of fog
Potions
 c - a potion of curing {unknown}
 d - a potion of heal wounds {unknown}
 i - a potion of resistance {unknown}


   Skills:
 + Level 4.2 Fighting
 + Level 5.3 Axes
 + Level 0.4 Armour
 + Level 2.9 Dodging
 + Level 1.9 Stealth


You had 3 spell levels left.
You didn't know any spells.
Your spell library contained the following spells:

 Spells                   Type           Power      Damage    Failure   Level
 Animate Skeleton         Necr           0%         N/A       100%        1
 Pain                     Necr           0%         1d4       100%        1
 Vampiric Draining        Necr           0%         2d6       100%        3


Dungeon Overview and Level Annotations

Branches:
Dungeon (3/15)

Altars:

Annotations:
D:3 Ijyb


Message History

Ijyb is almost dead.
Ijyb hits you with a +0 dagger.
* * * LOW HITPOINT WARNING * * *
You hit Ijyb.
Ijyb is almost dead.
Ijyb hits you but does no damage. x2
You hit Ijyb but do no damage.
Ijyb is almost dead.
Ijyb hits you but does no damage.
You hit Ijyb.
Ijyb is almost dead.
Ijyb hits you with a +0 dagger.
* * * LOW HITPOINT WARNING * * *
You barely miss Ijyb.
Ijyb is almost dead.
Ijyb hits you but does no damage.
You barely miss Ijyb. Your punch misses Ijyb.
Ijyb is almost dead.
Ijyb completely misses you.
You barely miss Ijyb.
Ijyb is almost dead.
Ijyb hits you but does no damage.
You barely miss Ijyb.
Ijyb is almost dead.
Ijyb barely misses you.
You hit Ijyb but do no damage.
Ijyb is almost dead.
Ijyb screams, "Me kill you!" Ijyb hits you but does no damage.
You hit Ijyb but do no damage.
Ijyb is almost dead.
Ijyb hits you but does no damage.
You hit Ijyb but do no damage.
Ijyb is almost dead.
Ijyb hits you with a +0 dagger.
* * * LOW HITPOINT WARNING * * *
You hit Ijyb but do no damage.
Ijyb is almost dead.
Ijyb hits you with a +0 dagger.
You die...

#...#########......
#####.........#...##.##
...............##..#.##
.......................
...............##..#.##
#####.........#...##.##
#...#######.#......
#...# ##.###### #.@?#
#.###### ##..g####
###.#..... #.......#
#...†..### #......###.#
#.#.#..# #.##.### .#
#.#.#..# .. ... .. .
.....# .#..#.
.###.#.##.# #..#. .#
#.#.##.# ... ## #
.....#


You could see Ijyb.

Vanquished Creatures
  An adder (D:2)
  A worm (D:3)
  3 dart slugs
  5 ball pythons
  6 bats
  4 endoplasms (D:1)
  2 giant cockroaches
  9 goblins
  8 hobgoblins
  2 jackals (D:1)
  5 kobolds
  4 quokkas
  A frilled lizard (D:2)
  4 rats
55 creatures vanquished.

Notes
Turn   | Place    | Note
-------+----------+-------------------------------------------
     0 | D:1      | terff the Hill Orc Monk began the quest for the Orb.
     0 | D:1      | Reached XP level 1. HP: 19/19 MP: 1/1
   138 | D:1      | Found a faded altar of an unknown god.
   156 | D:1      | Reached XP level 2. HP: 27/27 MP: 2/2
   687 | D:1      | Reached XP level 3. HP: 30/33 MP: 3/3
  1446 | D:2      | Reached skill level 5 in Axes
  1483 | D:2      | Reached XP level 4. HP: 20/40 MP: 4/4
  2506 | D:3      | Noticed Ijyb
  2571 | D:3      | HP: 2/40 [Ijyb/+0 dagger (4)]
  2581 | D:3      | HP: 1/40 [Ijyb/+0 dagger (1)]
  2582 | D:3      | Slain by Ijyb

Illustrated notes

Levels and vault maps discovered:
D:1:      lemuel_arrival_behind_the_door_small, layout_basic,
          hellmonk_ecumenical_altar_run_dry, serial_curves, eino_curves_01,
          eino_curves_04, minmay_crystal_room, minmay_misc_feat_chi,
          minmay_distorted
D:2:      layout_basic
D:3:      layout_loops_cross, kiku_gazebo_garden_becter, minmay_strange_pillars,
          uniq_ijyb

Skill      XL: |  1  2  3 |
---------------+----------+-----
Fighting       | 4 |  4.2
Axes           | 5 |  5.3
Armour         | |  0.4
Dodging        | |  2.9
Stealth        | |  1.9

Action                   |  1- 3 |  4- 6 || total
-------------------------+-------+-------++-------
Melee: Hand axe          |   117 |    94 ||   211
       Punch             |     1 |       ||     1
  Use: Scroll            |       |     2 ||     2
 Stab: Sleeping          |     4 |       ||     4
Armor: Robe              |     8 |       ||     8
       Chain mail        |    61 |    63 ||   124
Dodge: Dodged            |    61 |    28 ||    89
